| TOP OF THE 1ST |
|
Salem-Keizer Volcanoes batting - Pitching for Cincinnati (NYP) Reds : RHP Phil McLaughlin
|
|
Pitching: RHP Phil McLaughlin
|
|
|
Batting: RHB David Bibian
|
0-0: Ball 1-0: Ground out 6-3 (Groundball, 6M, EV 103.8 MPH)
|
|
Batting: RHB Mario Saez
|
0-0: Ball 1-0: Fly out, F9 (Line Drive, 9, EV 91.9 MPH)
|
|
Batting: LHB Ben Radach
|
0-0: Ball 1-0: Fly out, F9 (Flyball, 89M, EV 75.0 MPH)
|
| Top of the 1st over - 0 runs, 0 hits, 0 errors, 0 left on base; Salem-Keizer 0 - Cincinnati (NYP) 0 |
| BOTTOM OF THE 1ST |
|
Cincinnati (NYP) Reds batting - Pitching for Salem-Keizer Volcanoes : RHP Allen Vesey
|
|
Pitching: RHP Allen Vesey
|
|
|
Batting: RHB Alex de Leon
|
0-0: Ball 1-0: Called Strike 1-1: Ball 2-1: Foul Ball, location: 2F 2-2: Foul Ball, location: 2F 2-2: Ball 3-2: Foul Ball, location: 2F 3-2: Ground out U3 (Groundball, 3, EV 82.5 MPH)
|
|
Batting: SHB Cesar Pelayo
|
0-0: Fly out, F4 (Line Drive, 4M, EV 70.0 MPH)
|
|
Batting: SHB David Garnica
|
0-0: Ball 1-0: Called Strike 1-1: Called Strike 1-2: Foul Ball, location: 2F 1-2: Strikes out swinging
|
| Bottom of the 1st over - 0 runs, 0 hits, 0 errors, 0 left on base; Salem-Keizer 0 - Cincinnati (NYP) 0 |
| TOP OF THE 2ND |
|
Salem-Keizer Volcanoes batting - Pitching for Cincinnati (NYP) Reds : RHP Phil McLaughlin
|
|
Batting: LHB Tom Reynolds
|
0-0: Ground out 4-3 (Groundball, 4, EV 88.8 MPH)
|
|
Batting: LHB Mike Sammons
|
0-0: Called Strike 0-1: Ball 1-1: Swinging Strike 1-2: Foul Ball, location: 2F 1-2: Ball 2-2: Ball 3-2: Reached on error, E3 (Groundball, 34S, EV 70.0 MPH)
|
|
Batting: RHB Jonathan Davis
|
0-0: Fielders Choice at 2nd, 6-4 (Groundball, 6, EV 105.6 MPH)
|
|
Batting: SHB Curtis Thompson
|
0-0: Called Strike 0-1: Fielders Choice at 2nd, U6 (Groundball, 6M, EV 80.0 MPH)
|
| Top of the 2nd over - 0 runs, 0 hits, 1 error, 1 left on base; Salem-Keizer 0 - Cincinnati (NYP) 0 |
| BOTTOM OF THE 2ND |
|
Cincinnati (NYP) Reds batting - Pitching for Salem-Keizer Volcanoes : RHP Allen Vesey
|
|
Batting: RHB Chris Christaldi
|
0-0: Ball 1-0: Ball 2-0: Ball 3-0: Base on Balls
|
|
Batting: LHB Josh Slusarczyk
|
0-0: Ball 1-0: Ball 2-0: Called Strike 2-1: Foul Ball, location: 2F 2-2: Foul Ball, location: 2F 2-2: Ball 3-2: Hit by Pitch Chris Christaldi to second
|
|
Batting: RHB Nick Moreno
|
0-0: Ball 1-0: Called Strike 1-1: Ball 2-1: Fly out, F9 (Flyball, 89D, EV 101.9 MPH)
|
|
Batting: LHB Martin Koka
|
0-0: Swinging Strike 0-1: Ball 1-1: Ball 2-1: Called Strike 2-2: Strikes out swinging
|
|
Batting: RHB Yutaka Sato
|
0-0: Called Strike 0-1: Called Strike 0-2: Ball 1-2: Strikes out swinging
|
| Bottom of the 2nd over - 0 runs, 0 hits, 0 errors, 2 left on base; Salem-Keizer 0 - Cincinnati (NYP) 0 |
| TOP OF THE 3RD |
|
Salem-Keizer Volcanoes batting - Pitching for Cincinnati (NYP) Reds : RHP Phil McLaughlin
|
|
Batting: RHB Adrian Martinelli
|
0-0: Called Strike 0-1: Hit by Pitch
|
|
Batting: RHB Andy Cunningham
|
0-0: Fly out, F8 (Flyball, 8LD, EV 86.9 MPH)
|
|
Batting: RHB David Bibian
|
0-0: Ball Adrian Martinelli steals 2nd base 1-0: Ball Adrian Martinelli steals 3rd base 2-0: Called Strike 2-1: Swinging Strike 2-2: Foul Ball, location: 2F 2-2: Foul Ball, location: 2F 2-2: Ball 3-2: Foul Ball, location: 2F 3-2: Ground out 5-3 (Groundball, 56S, EV 74.4 MPH) Adrian Martinelli scores
|
|
Batting: RHB Mario Saez
|
0-0: Called Strike 0-1: Ball 1-1: Fly out, F7 (Flyball, 7LD, EV 92.5 MPH)
|
| Top of the 3rd over - 1 run, 0 hits, 0 errors, 0 left on base; Salem-Keizer 1 - Cincinnati (NYP) 0 |
| BOTTOM OF THE 3RD |
|
Cincinnati (NYP) Reds batting - Pitching for Salem-Keizer Volcanoes : RHP Allen Vesey
|
|
Batting: RHB Adrian Billups
|
0-0: Foul Ball, location: 2F 0-1: SINGLE (Line Drive, 8LS, EV 100.0 MPH)
|
|
Batting: RHB Alex de Leon
|
0-0: Ball 1-0: Foul Ball, location: 2F 1-1: Ball 2-1: DOUBLE (Line Drive, 78D, EV 114.4 MPH) Adrian Billups to third
|
|
Batting: SHB Cesar Pelayo
|
0-0: Ground out U3 (Groundball, 3L, EV 101.9 MPH)
|
|
Batting: SHB David Garnica
|
0-0: Called Strike 0-1: Ball 1-1: Reached on error, E6 (Groundball, 6, EV 86.2 MPH) Adrian Billups scores Alex de Leon to third
|
|
Batting: RHB Chris Christaldi
|
0-0: Ball David Garnica is caught stealing 2nd base 2-4 1-0: Foul Ball, location: 2F 1-1: Ball 2-1: Foul Ball, location: 2F 2-2: Foul Ball, location: 2F 2-2: Foul Ball, location: 2F 2-2: Foul Ball, location: 2F 2-2: Ground out 4-3 (Groundball, 4, EV 103.1 MPH)
|
| Bottom of the 3rd over - 1 run, 2 hits, 1 error, 1 left on base; Salem-Keizer 1 - Cincinnati (NYP) 1 |
| TOP OF THE 4TH |
|
Salem-Keizer Volcanoes batting - Pitching for Cincinnati (NYP) Reds : RHP Phil McLaughlin
|
|
Batting: LHB Ben Radach
|
0-0: Called Strike 0-1: Swinging Strike 0-2: Ball 1-2: Ball 2-2: Strikes out swinging
|
|
Batting: LHB Tom Reynolds
|
0-0: Ball 1-0: Ball 2-0: Called Strike 2-1: Ball 3-1: Called Strike 3-2: SINGLE (Groundball, 4MD, EV 96.2 MPH)
|
|
Batting: LHB Mike Sammons
|
0-0: Ball Tom Reynolds is caught stealing 2nd base 2-6 1-0: Swinging Strike 1-1: SINGLE (Groundball, 4MD, EV 100.0 MPH)
|
|
Batting: RHB Jonathan Davis
|
0-0: Ground out 1-3 (Groundball, 15S, EV 72.5 MPH)
|
| Top of the 4th over - 0 runs, 2 hits, 0 errors, 1 left on base; Salem-Keizer 1 - Cincinnati (NYP) 1 |
| BOTTOM OF THE 4TH |
|
Cincinnati (NYP) Reds batting - Pitching for Salem-Keizer Volcanoes : RHP Allen Vesey
|
|
Batting: LHB Josh Slusarczyk
|
0-0: Swinging Strike 0-1: Swinging Strike 0-2: Ball 1-2: Strikes out looking
|
|
Batting: RHB Nick Moreno
|
0-0: Ball 1-0: Swinging Strike 1-1: Ball 2-1: Ball 3-1: Ground out 2-3 (Groundball, 15S, EV 71.9 MPH)
|
|
Batting: LHB Martin Koka
|
0-0: Called Strike 0-1: Fly out, F4 (Popup, 34D, EV 67.5 MPH)
|
| Bottom of the 4th over - 0 runs, 0 hits, 0 errors, 0 left on base; Salem-Keizer 1 - Cincinnati (NYP) 1 |
| TOP OF THE 5TH |
|
Salem-Keizer Volcanoes batting - Pitching for Cincinnati (NYP) Reds : RHP Phil McLaughlin
|
|
Batting: SHB Curtis Thompson
|
0-0: Ball 1-0: Fly out, F8 (Line Drive, 8LD, EV 92.5 MPH)
|
|
Batting: RHB Adrian Martinelli
|
0-0: Foul Ball, location: 2F 0-1: Ball 1-1: Swinging Strike 1-2: Ball 2-2: Ball 3-2: Strikes out swinging
|
|
Batting: RHB Andy Cunningham
|
0-0: Ball 1-0: Ball 2-0: Swinging Strike 2-1: Ball 3-1: Swinging Strike 3-2: Strikes out swinging
|
| Top of the 5th over - 0 runs, 0 hits, 0 errors, 0 left on base; Salem-Keizer 1 - Cincinnati (NYP) 1 |
| BOTTOM OF THE 5TH |
|
Cincinnati (NYP) Reds batting - Pitching for Salem-Keizer Volcanoes : RHP Allen Vesey
|
|
Batting: RHB Yutaka Sato
|
0-0: Hit by Pitch
|
|
Batting: RHB Adrian Billups
|
0-0: Called Strike 0-1: Ball 1-1: Ball Wild Pitch! Yutaka Sato to second 2-1: Ball 3-1: Base on Balls
|
|
Batting: RHB Alex de Leon
|
0-0: Ball 1-0: Hit by Pitch Yutaka Sato to third Adrian Billups to second
|
|
Batting: SHB Cesar Pelayo
|
0-0: Called Strike 0-1: Swinging Strike 0-2: Foul Ball, location: 2F 0-2: Foul Ball, location: 2F 0-2: Hit by Pitch Yutaka Sato scores Adrian Billups to third Alex de Leon to second
|
|
Batting: SHB David Garnica
|
0-0: Ball 1-0: Ball 2-0: Ball 3-0: Called Strike 3-1: Base on Balls Adrian Billups scores Alex de Leon to third Cesar Pelayo to second
|
|
Batting: RHB Chris Christaldi
|
0-0: Called Strike 0-1: GRAND SLAM HOME RUN (Flyball, 7D, EV 98.1 MPH), Distance : 380 ft
|
|
Pitching: RHP Devon Blakeney
|
|
|
Batting: LHB Josh Slusarczyk
|
0-0: Ball 1-0: Ball 2-0: Foul Ball, location: 2F 2-1: Ball 3-1: Fly out, F9 (Line Drive, 9, EV 93.1 MPH)
|
|
Batting: RHB Nick Moreno
|
0-0: Hit by Pitch
|
|
Batting: LHB Martin Koka
|
0-0: Ball 1-0: Ball 2-0: Ground out 4-3 (Groundball, 34, EV 86.2 MPH) Nick Moreno to second
|
|
Batting: RHB Yutaka Sato
|
0-0: Foul Ball, location: 2F 0-1: Ball 1-1: Foul Ball, location: 2F 1-2: Fly out, F8 (Flyball, 8RD, EV 105.0 MPH)
|
| Bottom of the 5th over - 6 runs, 1 hit, 0 errors, 1 left on base; Salem-Keizer 1 - Cincinnati (NYP) 7 |
| TOP OF THE 6TH |
|
Salem-Keizer Volcanoes batting - Pitching for Cincinnati (NYP) Reds : RHP Phil McLaughlin
|
|
Batting: RHB David Bibian
|
0-0: Ball 1-0: Called Strike 1-1: Foul Ball, location: 2F 1-2: Ball 2-2: Foul Ball, location: 2F 2-2: Ground out 4-3 (Groundball, 4, EV 108.1 MPH)
|
|
Batting: RHB Mario Saez
|
0-0: Called Strike 0-1: Ball 1-1: Foul Ball, location: 2F 1-2: Ball 2-2: Ball 3-2: Fly out, F8 (Flyball, 8RD, EV 89.4 MPH)
|
|
Batting: LHB Ben Radach
|
0-0: Called Strike 0-1: Ball 1-1: Ball 2-1: Ball 3-1: Foul Ball, location: 2F 3-2: Strikes out swinging
|
| Top of the 6th over - 0 runs, 0 hits, 0 errors, 0 left on base; Salem-Keizer 1 - Cincinnati (NYP) 7 |
| BOTTOM OF THE 6TH |
|
Cincinnati (NYP) Reds batting - Pitching for Salem-Keizer Volcanoes : RHP Devon Blakeney
|
|
Batting: RHB Adrian Billups
|
0-0: Called Strike 0-1: TRIPLE (Line Drive, 8LXD, EV 111.2 MPH)
|
|
Batting: RHB Alex de Leon
|
0-0: Called Strike 0-1: Foul Ball, location: 2F 0-2: Ball 1-2: Foul Ball, location: 2F 1-2: Ball 2-2: Foul Ball, location: 2F 2-2: Ball 3-2: Foul Ball, location: 2F 3-2: Ground out 5-3 (Groundball, 56S, EV 83.1 MPH) Adrian Billups scores
|
|
Batting: SHB Cesar Pelayo
|
0-0: Ball 1-0: Swinging Strike 1-1: Foul Ball, location: 2F 1-2: Foul Ball, location: 2F 1-2: Strikes out looking
|
|
Batting: SHB David Garnica
|
0-0: Fly out, F7 (Flyball, 7D, EV 106.9 MPH)
|
| Bottom of the 6th over - 1 run, 1 hit, 0 errors, 0 left on base; Salem-Keizer 1 - Cincinnati (NYP) 8 |
| TOP OF THE 7TH |
|
Salem-Keizer Volcanoes batting - Pitching for Cincinnati (NYP) Reds : RHP Phil McLaughlin
|
|
Pitching: RHP Toby Riley
|
|
|
Batting: LHB Tom Reynolds
|
0-0: Called Strike 0-1: Ball 1-1: Ball 2-1: Fly out, F9 (Flyball, 89S, EV 83.8 MPH)
|
|
Batting: LHB Mike Sammons
|
0-0: Called Strike 0-1: Ball 1-1: Ball 2-1: Ball 3-1: Base on Balls
|
|
Pinch Hitting: RHB Robby Adair
|
0-0: Ball 1-0: Called Strike 1-1: Ball Mike Sammons steals 2nd base (no throw) 2-1: Ball 3-1: Base on Balls
|
|
Pinch Hitting: LHB Santiago Chavira
|
0-0: Ball 1-0: Ball 2-0: Ball 3-0: Base on Balls Mike Sammons to third Robby Adair to second
|
|
Pinch Hitting: RHB Lee Deason
|
0-0: Called Strike 0-1: Swinging Strike 0-2: Strikes out swinging
|
|
Pinch Hitting: LHB Adrian Navarro
|
0-0: Called Strike 0-1: Ball 1-1: Swinging Strike 1-2: Ball 2-2: Strikes out swinging
|
| Top of the 7th over - 0 runs, 0 hits, 0 errors, 3 left on base; Salem-Keizer 1 - Cincinnati (NYP) 8 |
| BOTTOM OF THE 7TH |
|
Cincinnati (NYP) Reds batting - Pitching for Salem-Keizer Volcanoes : RHP Devon Blakeney
|
|
Now at 2B: Lee Deason
|
|
|
Now at 3B: Robby Adair
|
|
|
Now at SS: Santiago Chavira
|
|
|
Now in CF: Miguel Sierra
|
|
|
Batting: RHB Chris Christaldi
|
0-0: Ball 1-0: Ball 2-0: Ball 3-0: Called Strike 3-1: Base on Balls
|
|
Batting: LHB Josh Slusarczyk
|
0-0: Foul Ball, location: 2F 0-1: Foul Ball, location: 2F 0-2: Ball 1-2: Ball 2-2: Foul Ball, location: 2F 2-2: SINGLE (Line Drive, 7S, EV 109.4 MPH) Chris Christaldi to second
|
|
Pinch Hitting: RHB Ji-an See-to
|
0-0: Called Strike 0-1: Ball 1-1: Ball 2-1: Fly out, F8 (Flyball, 8RS, EV 87.5 MPH)
|
|
Pitching: LHP Martin Garcia
|
|
|
Pinch Hitting: LHB Alex Vazquez
|
0-0: Fly out, F8 (Flyball, 89M, EV 90.0 MPH)
|
|
Batting: RHB Yutaka Sato
|
0-0: Swinging Strike 0-1: Foul Ball, location: 2F 0-2: Ball 1-2: Strikes out swinging
|
| Bottom of the 7th over - 0 runs, 1 hit, 0 errors, 2 left on base; Salem-Keizer 1 - Cincinnati (NYP) 8 |
| TOP OF THE 8TH |
|
Salem-Keizer Volcanoes batting - Pitching for Cincinnati (NYP) Reds : RHP Toby Riley
|
|
Now in LF: Alex Vazquez
|
|
|
Now in CF: Ji-an See-to
|
|
|
Pinch Hitting: LHB Omar Marquez
|
0-0: Ball 1-0: Called Strike 1-1: Ground out 4-3 (Groundball, 34, EV 76.9 MPH)
|
|
Pinch Hitting: RHB Jeremy Bailey
|
0-0: Ball 1-0: Foul Ball, location: 2F 1-1: Ball 2-1: Ball 3-1: Base on Balls
|
|
Pitching: LHP Brett Grijalva
|
|
|
Pinch Hitting: RHB Dale Altman
|
0-0: Fly out, F9 (Line Drive, 9S, EV 87.5 MPH)
|
|
Batting: LHB Tom Reynolds
|
0-0: Ball 1-0: Ball 2-0: Called Strike 2-1: Ball 3-1: Called Strike 3-2: Foul Ball, location: 2F 3-2: Strikes out swinging
|
| Top of the 8th over - 0 runs, 0 hits, 0 errors, 1 left on base; Salem-Keizer 1 - Cincinnati (NYP) 8 |
| BOTTOM OF THE 8TH |
|
Cincinnati (NYP) Reds batting - Pitching for Salem-Keizer Volcanoes : LHP Martin Garcia
|
|
Now at 1B: John Dietrich
|
|
|
Now in LF: Omar Marquez
|
|
|
Now in RF: Jeremy Bailey
|
|
|
Batting: RHB Adrian Billups
|
0-0: Ball 1-0: Foul Ball, location: 2F 1-1: Called Strike 1-2: Ball 2-2: Strikes out swinging
|
|
Batting: RHB Alex de Leon
|
0-0: Swinging Strike 0-1: Fly out, F8 (Line Drive, 8LD, EV 98.8 MPH)
|
|
Batting: SHB Cesar Pelayo
|
0-0: Ball 1-0: Ball 2-0: SINGLE (Line Drive, 4M, EV 102.5 MPH)
|
|
Pinch Hitting: RHB Derek Moran
|
0-0: Ground out U3 (Groundball, 34S, EV 86.2 MPH)
|
| Bottom of the 8th over - 0 runs, 1 hit, 0 errors, 1 left on base; Salem-Keizer 1 - Cincinnati (NYP) 8 |
| TOP OF THE 9TH |
|
Salem-Keizer Volcanoes batting - Pitching for Cincinnati (NYP) Reds : LHP Brett Grijalva
|
|
Now in RF: Derek Moran
|
|
|
Batting: LHB Mike Sammons
|
0-0: Called Strike 0-1: Ball 1-1: Swinging Strike 1-2: Strikes out looking
|
|
Batting: RHB Robby Adair
|
0-0: Ball 1-0: Ball 2-0: Foul Ball, location: 2F 2-1: Ball 3-1: Foul Ball, location: 2F 3-2: Strikes out looking
|
|
Pinch Hitting: RHB Oscar Fausto
|
0-0: Ball 1-0: Foul Ball, location: 2F 1-1: Called Strike 1-2: Strikes out looking
|
| Top of the 9th over - 0 runs, 0 hits, 0 errors, 0 left on base; Salem-Keizer 1 - Cincinnati (NYP) 8 |
|